 Dungeon Crawl Stone Soup version 0.31-a0-164-g2312942fda (webtiles) character file.

Game seed: 12102251739524303804

112 qw the Shooter (level 4, 0/28 HPs)
             Began as a Gargoyle Hunter on June 13, 2023.
             Slain by a gnoll
             ... wielding a +0 whip
              (4 damage)
             ... on level 3 of the Dungeon.
             The game lasted 00:00:37 (1626 turns).

qw the Shooter (Gargoyle Hunter)                    Turns: 1626, Time: 00:00:38

Health: 0/28       AC:  7    Str: 15    XL:     4   Next: 93%
Magic:  4/4        EV: 11    Int:  9    God:
Gold:   114        SH:  0    Dex: 15    Spells: 3/3 levels left

rFire   . . .        Y - +0 shortbow
rCold   . . .        (shield currently unavailable)
rNeg    + . .        c - +0 leather armour
rPois   inf          b - +0 helmet
rElec   +            (no cloak)
rCorr   .            (no gloves)
SInv    .            (no boots)
Will    .....        (no amulet)
Stlth   ++           (no ring)
HPRegen 0.24/turn    (no ring)
MPRegen 0.09/turn

%: no passive effects
@: about to teleport
A: sickness immunity, AC +3, negative energy resistance 1, electricity
resistance, torment resistance 1, petrification resistance
a: no special abilities


You were on level 3 of the Dungeon.
You visited 1 branch of the dungeon, and saw 3 of its levels.

You collected 114 gold pieces.


Innate Abilities, Weirdness & Mutations

You are immune to sickness and miasma.
Your stone body is resilient. (AC +3)
You are immune to poison.
You resist negative energy. (rN+)
You are resistant to electric shocks. (rElec)
You are resistant to unholy torment.
You are immune to petrification.


   Skills:
 - Level 3.1 Fighting
 + Level 5.7 Ranged Weapons
 - Level 1.5 Dodging
 - Level 1.1 Stealth


You had 3 spell levels left.
You didn't know any spells.
Your spell library was empty.

Inventory:

Hand Weapons
 Y - a +0 shortbow (weapon)
Armour
 b - a +0 helmet (worn)
 c - a +0 leather armour (worn)
Jewellery
 g - a ring of ice
Potions
 d - a potion of might {unknown}
 f - a potion of curing {unknown}
 h - a potion of brilliance {unknown}

Dungeon Overview and Level Annotations

Branches:
Dungeon (3/15)

Altars:

Shops:
D:1 =::

Annotations:
D:3 Sigmund


Message History

The gnoll is heavily wounded.
You hear an angry hiss.
You hear a bark!
You shoot an arrow. The arrow barely misses the gnoll.
You shoot an arrow.
The arrow hits the gnoll but does no damage.
The gnoll is heavily wounded.
You shoot an arrow. The arrow closely misses the gnoll.
The gnoll throws a throwing net.
The throwing net hits you.
You become entangled in the net!
You tear a large gash into the net.
A ball python comes into view.
You struggle against the net.
The gnoll hits you from afar with a +0 spear.
You shred the net and break free! The gnoll barely misses you.
The gnoll misses you. The gnoll hits you with a +0 flail.
You shoot an arrow. The arrow barely misses the gnoll.
The gnoll hits you but does no damage.
The gnoll hits you from afar with a +0 spear.
The gnoll hits you with a +0 flail.
You shoot an arrow. The arrow barely misses the gnoll.
The ball python hisses angrily.
The gnoll hits you but does no damage. The gnoll barely misses you.
The gnoll hits you with a +0 flail. The gnoll closely misses you.
The gnoll hits you but does no damage.
You shoot an arrow. The arrow hits the gnoll.
The gnoll is moderately wounded.
A jackal comes into view.
The gnoll hits you with a +0 whip.
Sigmund the Dreaded comes into view.
He is wielding a +0 scythe.
The gnoll hits you with a +0 flail! The gnoll closely misses you.
1625 ||| READING scroll of teleportation.
As you read the scroll of teleportation, it crumbles to dust.
You feel strangely unstable. The gnoll completely misses you.
The gnoll misses you.
The gnoll hits you from afar with a +0 spear.
You shoot an arrow. The arrow hits the gnoll.
The gnoll is severely wounded.
The gnoll hits you with a +0 whip.
You die...

7..h..\ ?.@...
..... \. ._.. ...
#S.# #.###.g#
#......##
#.#g@g#####.#
######..........#
....>..#...#####.#
......##.##
#.#..##.#
##...##.# ##.
#......###....
#...#.........
#.#.........###


You could see Sigmund, 3 gnolls, a jackal (wandering) and a ball python.

Vanquished Creatures
  Jessica (D:2)
  Terence (D:2)
  Natasha (D:2)
  5 ball pythons
  4 bats
  2 giant cockroaches (D:1)
  4 goblins (D:1)
  7 hobgoblins
  2 quokkas (D:1)
  A frilled lizard (D:1)
  3 kobolds
  5 rats
36 creatures vanquished.

Notes
Turn   | Place    | Note
-------+----------+-------------------------------------------
     0 | D:1      | qw the Gargoyle Hunter began the quest for the Orb.
     0 | D:1      | Reached XP level 1. HP: 12/12 MP: 1/1
     0 | D:1      | 0 ||| qw: Version: 0.2-a-29-gc1b59c4
     0 | D:1      | 0 ||| qw: Game counter: 4539
     0 | D:1      | 0 ||| qw: Always use a shield: true
     0 | D:1      | 0 ||| qw: God list: Okawaru
     0 | D:1      | 0 ||| qw: Allow faded altars: false
     0 | D:1      | 0 ||| qw: Do Orc after D:15 true
     0 | D:1      | 0 ||| qw: Do second Lair branch before Depths: true
     0 | D:1      | 0 ||| qw: Lair rune preference: random
     0 | D:1      | 0 ||| qw: Plans: Normal, Zot:1-4, Slime:5, God:TSO, Crypt,
                  | Tomb, Abyss, Pan, Hells, Win
     0 | D:1      | 0 ||| PLANNING D:1-11
   113 | D:1      | Reached XP level 2. HP: 14/17 MP: 2/2
   314 | D:1      | Found Vongiaci's Jewellery Emporium.
   317 | D:1      | 317 ||| SHOPLISTING +4 ring of protection (360 gold, have
                  | 44).
   317 | D:1      | 317 ||| SHOPLISTING +6 ring of dexterity (360 gold, have
                  | 44).
   317 | D:1      | 317 ||| SHOPLISTING amulet of Plog {Reflect Fragile rPois
                  | Regen+ SH+5} (356 gold, have 44).
   317 | D:1      | 317 ||| SHOPLISTING ring of positive energy (200 gold, have
                  | 44).
   402 | D:1      | Reached XP level 3. HP: 21/21 MP: 3/3
   451 | D:1      | Found Inkib's Book Boutique.
   477 | D:1      | Found Seaqir's Book Boutique.
   606 | D:1      | 606 ||| READING 3 scrolls labelled ZAB TUWKUM.
   610 | D:1      | 610 ||| READING scroll labelled HIMAUXI TOORUTU.
   611 | D:1      | 611 ||| READING scroll labelled FEOSYN QUNYMODGH.
   612 | D:1      | 612 ||| READING scroll labelled ITHRUY WOOSETWUACE.
   613 | D:1      | 613 ||| DROPPING scroll of butterflies.
   673 | D:2      | Reached skill level 5 in Ranged Weapons
   716 | D:2      | Noticed Jessica
   721 | D:2      | Killed Jessica
   722 | D:2      | Reached skill level 3 in Fighting
   793 | D:2      | Noticed Natasha
   798 | D:2      | Killed Natasha
   799 | D:2      | Reached XP level 4. HP: 28/28 MP: 4/4
  1022 | D:2      | Noticed Terence
  1041 | D:2      | HP: 6/28 [Terence/+0 short sword (6)]
  1042 | D:2      | 1042 ||| READING 2 scrolls of teleportation.
  1206 | D:2      | Killed Terence
  1569 | D:2      | 1569 ||| UPGRADING to +0 helmet.
  1574 | D:2      | 1574 ||| READING scroll labelled AMMUMU SIYTHRE.
  1575 | D:2      | 1575 ||| READING scroll labelled FAS VEAJIUBETT.
  1610 | D:3      | Found a faded altar of an unknown god.
  1624 | D:3      | Noticed Sigmund
  1624 | D:3      | HP: 7/28 [gnoll/+0 flail (7)]
  1625 | D:3      | 1625 ||| READING scroll of teleportation.
  1626 | D:3      | Slain by a gnoll

Levels and vault maps discovered:
D:1:      psy_arrival_dodecagon, layout_basic, serial_shops, shop,
          nicolae_shop_behind_doors, nicolae_shop_behind_doors,
          serial_bayou_pond_b
D:2:      layout_basic, uniq_jessica, uniq_natasha, uniq_terence
D:3:      layout_loops_ring, mainiacjoe_overflow_big_doors,
          nicolae_overflow_squiral, hellmonk_ecumenical_altar_arch_garden,
          lightli_corner_chamber, uniq_sigmund

Skill      XL: |  1  2  3 |
---------------+----------+-----
Ranged Weapons | 5 |  5.7
Fighting       | 3 |  3.1
Dodging        | |  1.5
Stealth        | |  1.1

Action                     |  1- 3 |  4- 6 || total
---------------------------+-------+-------++-------
   Fire: Shortbow          |    92 |    56 ||   148
    Use: Scroll            |     4 |     4 ||     8
 Armour: Leather armour    |     7 |    10 ||    17
  Dodge: Dodged            |    21 |    29 ||    50

Table legend:
 A = Non-vault XP
 B = Vault XP
 C = Vault XP percentage of total XP
 D = Non-vault monster count
 E = Vault monster count
 F = Vault count percentage of total count
                 A         B        C        D         E       F
            +---------+---------+-------+---------+---------+-------
      Total |      51 |     109 |  68.1 |      32 |       4 |  11.1
            +---------+---------+-------+---------+---------+-------
        D:1 |      34 |       1 |   2.9 |      21 |       1 |   4.5
        D:2 |      17 |     108 |  86.4 |      11 |       3 |  21.4
            +---------+---------+-------+---------+---------+-------
